 Dungeon Crawl Stone Soup version 0.29.0-4-gdea44cf6ec (webtiles) character file.

Game seed: 3881291683814607214

516 qw the Chopper (level 7, -4/55 HPs)
             Began as a Formicid Cinder Acolyte on Sept 3, 2022.
             Was a High Priest of Ignis.
             Slain by Edmund
             ... wielding a +2 flail of protection
              (11 damage)
             ... on level 5 of the Dungeon.
             The game lasted 00:02:05 (3703 turns).

qw the Chopper (Formicid Cinder Acolyte)            Turns: 3703, Time: 00:02:06

Health: -4/55      AC: 17    Str: 27    XL:     7   Next: 44%
Magic:  8/8        EV:  8    Int: 13    God:    Ignis [*****.]
Gold:   298        SH:  0    Dex:  9    Spells: 8/8 levels left

rFire   + . .      SeeInvis +   Y - +1 hand axe (flame)
rCold   . . .      Faith    .   (no shield)
rNeg    . . .      Spirit   .   l - +0 chain mail
rPois   +          Reflect  .   (helmet unavailable)
rElec   .          Harm     .   (no cloak)
rCorr   .          Rampage  .   m - +1 pair of gloves
Will    .....                   (no boots)
Stlth   ..........              (no amulet)
HPRegen 0.18/turn               k - ring of poison resistance
MPRegen 0.11/turn               c - +6 ring of strength

@: fiery-armoured
A: permanent stasis, dig shafts and tunnels, antennae 3, four strong arms
a: Dig, Shaft Self, Renounce Religion, Fiery Armour, Foxfire Swarm, Rising Flame


You were on level 5 of the Dungeon.
You worshipped Ignis.
Ignis was extremely pleased with you.
You visited 1 branch of the dungeon, and saw 5 of its levels.

You collected 298 gold pieces.


Innate Abilities, Weirdness & Mutations

You cannot be hasted, slowed, berserked, paralysed or teleported.
You can dig through walls and to a lower floor.
You have a pair of large antennae on your head. (SInv)
Your four strong arms can wield two-handed weapons with a shield.


   Skills:
 - Level 4.4 Fighting
 + Level 6.9 Axes
 - Level 1.0 Throwing
 - Level 2.0 Armour
 - Level 1.1 Dodging
 - Level 1.1 Spellcasting
 - Level 3.0 Fire Magic


You had 8 spell levels left.
You didn't know any spells.
Your spell library contained the following spells:

 Spells                   Type           Power      Damage    Failure   Level
 Scorch                   Fire           16%        2d6       61%         2

Inventory:

Hand Weapons
 Y - a +1 hand axe of flaming (weapon)
Armour
 l - a +0 chain mail (worn)
 m - a +1 pair of gloves (worn)
Jewellery
 a - the ring "Foisug" {rCorr Dex+3}
   (You found it on level 5 of the Dungeon)

   [ring of resist corrosion]

   Dex:       It affects your dexterity (+3).
   rCorr:     It protects you from acid and corrosion.
 c - a +6 ring of strength (right hand)
 k - a ring of poison resistance (left hand)
Scrolls
 f - a scroll of identify
 i - a scroll of teleportation
Potions
 b - a potion of resistance
 d - a potion of might {unknown}
 e - a potion of berserk rage {unknown}
 g - 2 potions of curing
 h - a potion of haste
 n - a potion of heal wounds {unknown}

Dungeon Overview and Level Annotations

Branches:
Dungeon (5/15)
 Temple: D:4-7

Altars:
Gozag
Kikubaaqudgha
Okawaru

Annotations:
D:5 Edmund


Message History

Edmund hits you but does no damage.
You closely miss Edmund.
Edmund is heavily wounded.
Edmund hits you with a +2 flail of protection!
Edmund resists.
Edmund is burned by your cloak of flames.
Edmund is heavily wounded.
You hit Edmund.
Edmund is heavily wounded.
Edmund hits you but does no damage.
Edmund resists.
Edmund is burned by your cloak of flames.
Edmund is heavily wounded.
You hit Edmund but do no damage.
Edmund is heavily wounded.
Edmund hits you with a +2 flail of protection!
You slash Edmund! You burn Edmund.
Edmund is severely wounded.
Edmund hits you but does no damage.
Edmund resists.
Edmund is burned by your cloak of flames.
Edmund is severely wounded.
You hit Edmund.
Edmund is almost dead.
Edmund barely misses you.
You barely miss Edmund. Your punch misses Edmund.
Edmund is almost dead.
Edmund hits you but does no damage.
You hit Edmund.
Edmund is almost dead.
Edmund is no longer unusually resistant.
Edmund barely misses you.
You barely miss Edmund.
Edmund is almost dead.
Edmund barely misses you.
You closely miss Edmund.
Edmund is almost dead.
Edmund barely misses you.
You hit Edmund but do no damage.
Edmund is almost dead.
Edmund hits you with a +2 flail of protection!
You die...

#..!# #...# #...#
. #...# ..
####...# #.#.
......##.....
######..@...#
####...#...@.#
####...........##
......##..?#....#
#............####
#######......##
............##
.....###...#
#.#####...##.#
#............#


You could see Edmund.

Vanquished Creatures
  A black bear (D:4)
  A scorpion (D:4)
  A hound (D:4)
  3 jellies
  A gnoll bouda (D:4)
  An orc wizard (D:5)
  4 adders
  4 gnolls (D:4)
  2 worms
  2 dart slugs (D:1)
  3 orcs
  9 ball pythons
  8 endoplasms
  6 giant cockroaches
  12 goblins
  8 hobgoblins
  7 jackals
  5 kobolds
  3 quokkas
  9 bats
  7 frilled lizards
  4 rats
  A toadstool (D:4)
102 creatures vanquished.

Vanquished Creatures (others)
  2 fungi (D:4)
  3 toadstools (D:4)
5 creatures vanquished.

Grand Total: 107 creatures vanquished

Notes
Turn   | Place    | Note
-------+----------+-------------------------------------------
     0 | D:1      | qw the Formicid Cinder Acolyte began the quest for the Orb.
     0 | D:1      | Reached XP level 1. HP: 18/18 MP: 2/2
     0 | D:1      | 0 ||| qw: Version: 0.1-a-102-g441f92d
     0 | D:1      | 0 ||| qw: Game counter: 5165
     0 | D:1      | 0 ||| qw: Always use a shield: true
     0 | D:1      | 0 ||| qw: God list: Okawaru
     0 | D:1      | 0 ||| qw: Allow faded altars: false
     0 | D:1      | 0 ||| qw: Do Orc after D:15 true
     0 | D:1      | 0 ||| qw: Do second Lair branch before Depths: true
     0 | D:1      | 0 ||| qw: Lair rune preference: random
     0 | D:1      | 0 ||| qw: Plans: Normal
     0 | D:1      | 0 ||| PLANNING D:1-11
    81 | D:1      | Reached skill level 1 in Throwing
    96 | D:1      | Reached XP level 2. HP: 17/24 MP: 3/3
   307 | D:1      | 307 ||| Stepping ~*~*~tactically~*~*~ (stealth).
   473 | D:1      | 473 ||| Stepping ~*~*~tactically~*~*~ (stealth).
   474 | D:1      | 474 ||| Stepping ~*~*~tactically~*~*~ (stealth).
   551 | D:1      | Reached XP level 3. HP: 27/29 MP: 4/4
   582 | D:1      | Found a faded altar of an unknown god.
   645 | D:1      | 645 ||| Stepping ~*~*~tactically~*~*~ (stealth).
   646 | D:1      | 646 ||| Stepping ~*~*~tactically~*~*~ (stealth).
   658 | D:1      | Reached skill level 4 in Axes
   812 | D:1      | 812 ||| Stepping ~*~*~tactically~*~*~ (hiding).
   914 | D:1      | 914 ||| Stepping ~*~*~tactically~*~*~ (hiding).
   956 | D:1      | 956 ||| UPGRADING to +0 ring mail.
   966 | D:1      | 966 ||| DROPPING +0 robe.
   967 | D:1      | 967 ||| UPGRADING to +0 chain mail.
   977 | D:1      | 977 ||| DROPPING +0 ring mail.
   978 | D:1      | 978 ||| UPGRADING to ring of poison resistance.
   979 | D:1      | 979 ||| READING 2 scrolls labelled INEKLUI FEUM.
   980 | D:1      | 980 ||| READING 3 scrolls labelled QEDIKE CAXUR.
   981 | D:1      | 981 ||| READING scroll labelled DAYTUW OCUMI.
   982 | D:1      | 982 ||| READING 2 scrolls labelled NEIXUCKOPTA.
   983 | D:1      | 983 ||| READING 2 scrolls of identify.
   983 | D:1      | 983 ||| IDENTIFYING grey potion
   984 | D:1      | 984 ||| DROPPING scroll of blinking.
   985 | D:1      | 985 ||| DROPPING potion of magic.
  1090 | D:2      | 1090 ||| Stepping ~*~*~tactically~*~*~ (stealth).
  1091 | D:2      | 1091 ||| Stepping ~*~*~tactically~*~*~ (stealth).
  1099 | D:2      | 1099 ||| Stepping ~*~*~tactically~*~*~ (stealth).
  1100 | D:2      | 1100 ||| Stepping ~*~*~tactically~*~*~ (stealth).
  1106 | D:2      | 1106 ||| Stepping ~*~*~tactically~*~*~ (stealth).
  1107 | D:2      | 1107 ||| Stepping ~*~*~tactically~*~*~ (stealth).
  1147 | D:2      | Reached skill level 1 in Armour
  1247 | D:2      | Reached XP level 4. HP: 35/35 MP: 5/5
  1307 | D:2      | 1307 ||| Stepping ~*~*~tactically~*~*~ (stealth).
  1308 | D:2      | 1308 ||| Stepping ~*~*~tactically~*~*~ (stealth).
  1362 | D:2      | 1362 ||| READING scroll of enchant weapon.
  1362 | D:2      | 1362 ||| ENCHANTING +0 hand axe of flaming.
  1652 | D:2      | 1652 ||| DROPPING ring of wizardry.
  1653 | D:2      | 1653 ||| UPGRADING to +6 ring of strength.
  1654 | D:2      | 1654 ||| READING scroll labelled RESUTI MENOINN.
  1655 | D:2      | 1655 ||| READING scroll labelled FYGHUMU ZORO.
  1656 | D:2      | 1656 ||| READING scroll labelled LOEPSY YMNACS.
  1657 | D:2      | 1657 ||| READING 2 scrolls of identify.
  1657 | D:2      | 1657 ||| IDENTIFYING fizzy coppery potion
  1658 | D:2      | 1658 ||| DROPPING potion of brilliance.
  1698 | D:3      | 1698 ||| FLEEEEING.
  1699 | D:3      | 1699 ||| STAIRDANCE
  1782 | D:3      | 1782 ||| Stepping ~*~*~tactically~*~*~ (stealth).
  1787 | D:3      | Reached skill level 5 in Axes
  1787 | D:3      | Reached XP level 5. HP: 36/41 MP: 6/6
  1796 | D:3      | 1796 ||| FLEEEEING.
  1801 | D:3      | 1801 ||| STAIRDANCE
  1983 | D:3      | 1983 ||| Stepping ~*~*~tactically~*~*~ (stealth).
  1991 | D:3      | 1991 ||| Stepping ~*~*~tactically~*~*~ (stealth).
  1992 | D:3      | 1992 ||| Stepping ~*~*~tactically~*~*~ (stealth).
  2002 | D:3      | 2002 ||| Stepping ~*~*~tactically~*~*~ (stealth).
  2010 | D:3      | 2010 ||| FLEEEEING.
  2011 | D:3      | 2011 ||| FLEEEEING.
  2012 | D:3      | 2012 ||| FLEEEEING.
  2013 | D:3      | 2013 ||| FLEEEEING.
  2100 | D:3      | 2100 ||| INVOKING Fiery Armour.
  2183 | D:3      | 2183 ||| Stepping ~*~*~tactically~*~*~ (stealth).
  2525 | D:3      | 2525 ||| UPGRADING to +0 pair of gloves.
  2530 | D:3      | 2530 ||| DRINKING 2 sapphire potions.
  2531 | D:3      | 2531 ||| DRINKING 2 brown potions.
  2532 | D:3      | 2532 ||| READING 3 scrolls of identify.
  2532 | D:3      | 2532 ||| IDENTIFYING fuming black potion
  2533 | D:3      | 2533 ||| READING 2 scrolls of identify.
  2533 | D:3      | 2533 ||| IDENTIFYING amethyst potion
  2534 | D:3      | 2534 ||| DROPPING potion of degeneration.
  2556 | D:4      | Found an opulent altar of Gozag.
  2614 | D:4      | Reached XP level 6. HP: 43/47 MP: 7/7
  2654 | D:4      | Found an iron altar of Okawaru.
  2753 | D:4      | 2753 ||| Stepping ~*~*~tactically~*~*~ (stealth).
  2755 | D:4      | 2755 ||| Stepping ~*~*~tactically~*~*~ (stealth).
  2758 | D:4      | 2758 ||| Stepping ~*~*~tactically~*~*~ (stealth).
  2817 | D:4      | 2817 ||| INVOKING Fiery Armour.
  2829 | D:4      | Reached skill level 6 in Axes
  2839 | D:4      | Reached skill level 1 in Dodging
  2979 | D:4      | Noticed a black bear
  2980 | D:4      | 2980 ||| Stepping ~*~*~tactically~*~*~ (stealth).
  2981 | D:4      | 2981 ||| Stepping ~*~*~tactically~*~*~ (stealth).
  3005 | D:4      | Killed a black bear
  3008 | D:4      | 3008 ||| Stepping ~*~*~tactically~*~*~ (stealth).
  3129 | D:4      | 3129 ||| Stepping ~*~*~tactically~*~*~ (stealth).
  3130 | D:4      | 3130 ||| Stepping ~*~*~tactically~*~*~ (stealth).
  3131 | D:4      | 3131 ||| Stepping ~*~*~tactically~*~*~ (stealth).
  3138 | D:4      | Reached XP level 7. HP: 55/55 MP: 8/8
  3222 | D:4      | 3222 ||| Stepping ~*~*~tactically~*~*~ (hiding).
  3223 | D:4      | 3223 ||| Stepping ~*~*~tactically~*~*~ (hiding).
  3412 | D:4      | Found an ancient bone altar of Kikubaaqudgha.
  3593 | D:4      | 3593 ||| READING scroll labelled GUWKAP ABYICRE.
  3594 | D:4      | 3594 ||| READING 2 scrolls of identify.
  3594 | D:4      | 3594 ||| IDENTIFYING fuming silvery potion
  3595 | D:4      | 3595 ||| DROPPING potion of flight.
  3607 | D:5      | Entered Level 5 of the Dungeon
  3615 | D:5      | 3615 ||| READING scroll of enchant armour.
  3615 | D:5      | 3615 ||| ENCHANTING +0 pair of gloves.
  3663 | D:5      | Identified the ring "Foisug" {rCorr Dex+3}
  3674 | D:5      | Noticed Edmund
  3692 | D:5      | 3692 ||| INVOKING Fiery Armour.
  3696 | D:5      | HP: 6/55 [Edmund/+2 flail of protection (11)]
  3703 | D:5      | Slain by Edmund

Levels and vault maps discovered:
D:1:      amcnicky_arrival_feature_with_door, layout_rooms,
          shapermc_ecumenical_altar_venn
D:2:      layout_loops_ring, chequers_serial_rivers_small_3,
          kennysheep_generic_room_10
D:3:      layout_basic, minmay_circle_x
D:4:      dreamdust_elfheim, layout_loops_ring,
          mainiacjoe_overflow_six_doors_small,
          nicolae_gozag_cash_rules_everything_around_me,
          mainiacjoe_overflow_alcove_1, minmay_gold_behind_fungi,
          hangedman_decor_clover_reticule, minmay_misc_feat_doors
D:5:      layout_rooms, chequers_temple_overflow_statue_of_worship, uniq_edmund

Skill      XL: |  1  2  3  4  5  6 |
---------------+-------------------+-----
Throwing       | 1 |  1.0
Axes           | 4 5 6 |  6.9
Armour         | 1 2 |  2.0
Dodging        | 1 |  1.1
Fighting       | 4 |  4.4
Spellcasting   | |  1.1
Fire Magic     | |  3.0

Action                   |  1- 3 |  4- 6 |  7- 9 || total
-------------------------+-------+-------+-------++-------
Melee: Hand axe          |    69 |   106 |    52 ||   227
       Punch             |     1 |     2 |       ||     3
Throw: Javelin           |    22 |    26 |     3 ||    51
Invok: Fiery Armour      |       |     2 |     1 ||     3
  Use: Scroll            |     5 |     7 |     3 ||    15
       Potion            |       |     2 |       ||     2
Armor: Robe              |     5 |       |       ||     5
       Chain mail        |    12 |    60 |    22 ||    94
Dodge: Dodged            |    26 |    38 |    18 ||    82

Table legend:
 A = Non-vault XP
 B = Vault XP
 C = Vault XP percentage of total XP
 D = Non-vault monster count
 E = Vault monster count
 F = Vault count percentage of total count
                 A         B        C        D         E       F
            +---------+---------+-------+---------+---------+-------
      Total |     724 |      14 |   1.9 |      93 |       8 |   7.9
            +---------+---------+-------+---------+---------+-------
        D:1 |      47 |       0 |   0.0 |      24 |       0 |   0.0
        D:2 |      52 |       2 |   3.7 |      18 |       2 |  10.0
        D:3 |     107 |      12 |  10.1 |      24 |       6 |  20.0
        D:4 |     477 |       0 |   0.0 |      24 |       0 |   0.0
        D:5 |      41 |       0 |   0.0 |       3 |       0 |   0.0
            +---------+---------+-------+---------+---------+-------
